 Dungeon Crawl Stone Soup version 0.21-a0-442-g848f44b (webtiles) character file.

23865 vishdafish the Spear-Bearer (level 13, 0/140 HPs)
             Began as a Naga Fighter on Nov 13, 2017.
             Was a High Priest of Nemelex Xobeh.
             Slain by a swamp worm (17 damage)
             ... on level 4 of the Lair of Beasts.
             The game lasted 00:50:42 (20616 turns).

vishdafish the Spear-Bearer (Naga Fighter)         Turns: 20616, Time: 00:50:48

Health: 0/140      AC: 15    Str: 17 (18) XL:     13   Next: 9%
Magic:  21/21      EV: 13    Int: 13 (14) God:    Nemelex Xobeh [*****.]
Gold:   1321       SH:  9    Dex:  9 (11) Spells: 11/22 levels left

rFire    . . .     SeeInvis +   R - +3 spear (vamp)
rCold    + . .     Gourm    .   c - +0 shield
rNeg     . . .     Faith    .   u - +2 robe {rC+}
rPois    +         Spirit   .   (no helmet)
rElec    .         Reflect  .   L - +2 cloak
rCorr    .         Harm     .   (no gloves)
MR       +....                  (no barding)
Stlth    ++........             (no amulet)
HPRegen  0.33/turn              a - +4 ring of protection
MPRegen  0.17/turn              S - ring of wizardry

@: very slow
A: repulsion field 1, camouflage 1, see invisible, deformed body, poison
resistance, robust 2, slowness 2, slow metabolism 1, spit poison 2, MP-powered
wands, constrict 1, AC +4
a: Breathe Poison Gas, Triple Draw, Deal Four, Stack Five, Renounce Religion


You were on level 4 of the Lair of Beasts.
You worshipped Nemelex Xobeh.
Nemelex Xobeh was extremely pleased with you.
You were not hungry.

You visited 3 branches of the dungeon, and saw 17 of its levels.
You also visited: Ossuary.

You collected 1321 gold pieces.

Inventory:

Hand Weapons
 R - a +3 vampiric spear (weapon)
Armour
 c - a +0 shield (worn)
 u - a +2 robe of cold resistance (worn)
 L - a +2 cloak (worn)
Jewellery
 a - a +4 ring of protection (left hand)
 S - a ring of wizardry (right hand)
Wands
 p - a wand of digging (7/24)
 Q - a wand of flame (26/48)
Scrolls
 d - 3 scrolls of enchant armour
 e - 12 scrolls of remove curse
 j - 3 scrolls of fog
 l - 8 scrolls of recharging
 n - a scroll of blinking
 o - 6 scrolls of teleportation
 r - 2 scrolls of magic mapping
 s - 3 scrolls of enchant weapon
 y - 2 scrolls of vulnerability
 B - a scroll of fear {unknown}
 D - 2 scrolls of amnesia
 I - 2 scrolls of silence {unknown}
 J - 4 scrolls of brand weapon
 U - 2 scrolls of immolation {unknown}
 X - a scroll of torment {unknown}
Potions
 b - 3 potions of might
 h - 3 potions of berserk rage
 k - a potion of heal wounds
 q - 3 potions of magic
 w - a potion of ambrosia
 z - 4 potions of agility
 A - 3 potions of haste
 C - 3 potions of brilliance
 E - 3 potions of mutation
 H - 3 potions of curing
 K - 3 potions of flight
 N - a potion of resistance
 W - 2 potions of cancellation
Books
 i - a book of Air

   Spells                             Type                      Level
   a - Shock                          Conjuration/Air              1
   b - Swiftness                      Charms/Air                   2
   c - Static Discharge               Conjuration/Air              3
   d - Airstrike                      Air                          4
   e - Lightning Bolt                 Conjuration/Air              5
 x - a book of Cantrips

   Spells                             Type                      Level
   a - Confusing Touch                Hexes                        1
   b - Animate Skeleton               Necromancy                   1
   c - Summon Small Mammal            Summoning                    1
   d - Apportation                    Translocation                1
 G - a book of Debilitation

   Spells                             Type                      Level
   a - Corona                         Hexes                        1
   b - Slow                           Hexes                        2
   c - Inner Flame                    Hexes/Fire                   3
   d - Portal Projectile              Hexes/Translocation          3
   e - Cause Fear                     Hexes                        4
   f - Leda's Liquefaction            Hexes/Earth                  4
 T - a book of Misfortune

   Spells                             Type                      Level
   a - Confusing Touch                Hexes                        1
   b - Confuse                        Hexes                        3
   c - Gell's Gravitas                Translocation                3
   d - Petrify                        Transmutation/Earth          4
   e - Metabolic Englaciation         Hexes/Ice                    5
   f - Yara's Violent Unravelling     Hexes/Transmutation          5
Miscellaneous
 g - an ornate deck of destruction
 t - a legendary deck of summoning
 v - an ornate deck of destruction
 F - a plain deck of summoning {drawn: 7}
 M - a plain deck of summoning
 O - an ornate deck of summoning
 P - an ornate deck of summoning
 V - a plain deck of escape
 Y - an ornate deck of destruction
 Z - a plain deck of summoning
Comestibles
 f - 15 bread rations
 m - 13 fruits


   Skills:
 + Level 8.1 Fighting
 + Level 11.4 Polearms
 - Level 5.0 Armour
 + Level 7.3 Dodging
 + Level 5.7 Shields
 * Level 5.4 Spellcasting
 - Level 5.0 Charms
 - Level 7.0 Necromancy
 - Level 6.4 Invocations


You had 11 spell levels left.
You knew the following spells:

 Your Spells              Type           Power        Failure   Level  Hunger
a - Regeneration          Chrm/Necr      ###.......   3%          3    ###....
b - Animate Dead          Necr           N/A          8%          4    ####...
c - Control Undead        Necr           ###.......   8%          4    ####...


Dungeon Overview and Level Annotations

Branches:
Dungeon (12/15)            Temple (1/1) D:7            Lair (4/6) D:9
 Shoals (0/4) Lair:3        Snake (0/4) Lair:2          Orc (0/2) D:10

Altars:
Cheibriados
Makhleb
Nemelex Xobeh
Qazlal
Trog
Wu Jian
Xom


Innate Abilities, Weirdness & Mutations

You cannot wear boots.
Your serpentine skin is tough. (AC +4)
You have supernaturally acute eyesight. (SInv)
Armour fits poorly on your strangely shaped body.
Your system is resistant to poisons. (rPois)
You cover ground very slowly.
You have a slow metabolism.
You can exhale a cloud of poison.
You can use your snake-like lower body to constrict enemies.
You are surrounded by a mild repulsion field. (EV +2)
Your skin changes colour to match your surroundings (Stealth+).
You are very robust. (+20% HP)
You expend magic power (3 MP) to strengthen your wands.


Message History

You constrict the swamp worm.
Your faun hits the swamp worm with a spear of venom.
The swamp worm is poisoned.
Your centaur hits the swamp worm.
You strike the helpless swamp worm from behind!
You hit the swamp worm.
You feel better.
The swamp worm is severely wounded.
You constrict the swamp worm. The swamp worm bites you!
* * * LOW HITPOINT WARNING * * *
Your centaur hits the swamp worm.
Your faun hits the swamp worm with a spear of venom!!
The swamp worm dies!
A swamp worm bursts forth from the water.
The swamp worm bites you!
* * * LOW HITPOINT WARNING * * *
The swamp worm bites you!
* * * LOW HITPOINT WARNING * * *
Your faun barely misses the swamp worm.
Your centaur hits the swamp worm. The swamp worm bites you!
You die...
Your body disappears without a glow.

####.............##..#P##..##
..P#.(............#..###.#.##
...................#.# ####.#
.#.................#.## ###
..#........≈≈≈≈≈≈≈.#..# .##
.....≈≈≈≈≈≈≈≈≈≈≈..## ..#
#.#.≈≈≈#######≈≈≈..##
..###.##≈≈P#≈≈≈≈c##≈≈...####
>..#....†≈†≈≈†≈c@w#≈≈......#
#.##..##≈≈P#≈≈≈≈c##≈†.....P#
##...###≈≈≈#######≈≈≈......#
##..###..≈≈≈≈≈≈≈≈≈≈≈.≈###..#
....##.....≈≈≈≈≈≈≈...## #P.##
..#####.............## ###.#
.## ##............# ### .#
####........## ## #.##...####


You could see a swamp worm, a friendly faun and 2 friendly centaurs.

Vanquished Creatures
  Gastronok (Lair:1)
  2 hydras
  4 two-headed ogres
  2 skeletal warriors (D:12)
  An unseen horror (D:12)
  An orc knight (D:10)
  2 cyclopes
  3 centaur zombies (D:12)
  Psyche (D:10)
  3 spiny frogs
  A gargoyle (D:12)
  3 komodo dragons
  5 hippogriffs
  A spriggan (D:7)
  4 basilisks
  15 yaks
  Grum (D:8)
  2 hungry ghosts
  A naga (Lair:2)
  6 swamp worms (Lair:4)
  5 water moccasins
  3 orc warriors
  4 porcupines
  3 sky beasts
  3 phantoms
  5 ogres
  5 wolves
  7 centaurs
  2 crocodiles
  3 big kobolds
  12 bullfrogs
  A gnoll sergeant (D:8)
  A wyvern skeleton (D:12)
  5 scorpions
  10 killer bees
  6 electric eels
  8 howler monkeys
  4 crimson imps
  6 hounds
  3 bullfrog zombies
  5 jellies
  4 orc priests
  11 orc wizards
  3 bullfrog skeletons
  Crazy Yiuf (D:5)
  Jessica (D:3)
  Ijyb (D:3)
  3 iguanas
  6 worker ants
  A killer bee zombie (D:5)
  2 hound skeletons
  3 mummies (Ossuary)
  A howler monkey zombie (D:6)
  A worker ant zombie (D:5)
  Robin (D:2)
  14 adders
  17 gnolls
  2 river rats
  5 shadow imps
  2 oozes
  An adder skeleton (D:9)
  2 adder zombies
  13 worms
  A dart slug (D:3)
  10 leopard geckos
  42 orcs
  A ball python (D:1)
  5 giant cockroaches
  3 gnoll zombies (Ossuary)
  17 goblins
  6 hobgoblins
  15 jackals
  A quokka (D:2)
  10 bats
  5 frilled lizards
  A hobgoblin zombie (Ossuary)
  14 kobolds
  3 orc zombies (Ossuary)
  9 rats
398 creatures vanquished.

Vanquished Creatures (collateral kills)
  A skeletal warrior (D:12)
  A spiny frog (Lair:4)
  A gargoyle (D:11)
  A yak (Lair:2)
  A swamp worm (Lair:4)
  5 mummies (Ossuary)
  A worm (Lair:4)
  A quokka (D:11)
  A hobgoblin zombie (Ossuary)
  A kobold (D:11)
14 creatures vanquished.

Vanquished Creatures (others)
  A skeletal warrior (D:12)
  A basilisk (Lair:4)
  Dowan (D:5)
  3 fungi
  3 plants (Lair:4)
9 creatures vanquished.

Grand Total: 421 creatures vanquished

Notes
Turn   | Place    | Note
-------+----------+-------------------------------------------
     0 | D:1      | vishdafish the Naga Fighter began the quest for the Orb.
     0 | D:1      | Reached XP level 1. HP: 21/21 MP: 1/1
   180 | D:1      | Reached XP level 2. HP: 22/28 MP: 2/2
   440 | D:1      | Reached XP level 3. HP: 32/34 MP: 3/3
   797 | D:2      | Reached XP level 4. HP: 38/42 MP: 4/4
   798 | D:2      | Reached skill level 3 in Polearms
   798 | D:2      | Reached skill level 1 in Dodging
   999 | D:2      | Reached XP level 5. HP: 34/49 MP: 5/5
  1264 | D:2      | Noticed Robin
  1629 | D:2      | Killed Robin
  1928 | D:2      | Found an ornate altar of the Wu Jian Council.
  2010 | D:2      | Found a sparkling altar of Nemelex Xobeh.
  2023 | D:2      | Became a worshipper of Nemelex Xobeh the Trickster
  2371 | D:2      | Reached XP level 6. HP: 52/57 MP: 6/6
  2373 | D:2      | Reached skill level 1 in Invocations
  2493 | D:3      | Received a gift from Nemelex Xobeh
  2522 | D:3      | Reached skill level 4 in Polearms
  2830 | D:3      | Noticed Jessica
  2920 | D:3      | Killed Jessica
  3001 | D:3      | Noticed Ijyb
  3037 | D:3      | Killed Ijyb
  3256 | D:4      | Reached * piety under Nemelex Xobeh
  3475 | D:4      | Found a snail-covered altar of Cheibriados.
  4171 | D:4      | Reached XP level 7. HP: 28/64 MP: 8/8
  4574 | D:5      | Entered Level 5 of the Dungeon
  4652 | D:5      | Gained mutation: You expend magic power (3 MP) to strengthen your wands. [mutagenic meat]
  4653 | D:5      | Gained mutation: You can exhale a cloud of poison. [mutagenic meat]
  4654 | D:5      | Lost mutation: You can exhale a cloud of poison. [mutagenic meat]
  4655 | D:5      | Gained mutation: You are robust. (+10% HP) [mutagenic meat]
  4780 | D:5      | Reached ** piety under Nemelex Xobeh
  4888 | D:5      | Found a sand-covered staircase.
  4897 | Ossuary  | Entered an ossuary
  4956 | Ossuary  | Reached skill level 5 in Polearms
  5753 | D:5      | Found a bloodstained altar of Trog.
  5766 | D:5      | Noticed Dowan
  5767 | D:5      | Noticed Duvessa
  5768 | D:5      | Killed Dowan
  5768 | D:5      | Reached XP level 8. HP: 80/80 MP: 9/11
  5775 | D:5      | Noticed Duvessa
  5775 | D:5      | Duvessa changed into Duvessa the jelly
  5778 | D:5      | Killed Duvessa the jelly
  5997 | D:5      | Received a gift from Nemelex Xobeh
  6170 | D:5      | Got a blackened mace
  6176 | D:5      | Found a runed door.
  6180 | D:5      | Noticed Crazy Yiuf
  6185 | D:5      | Killed Crazy Yiuf
  6637 | D:5      | Gained mutation: You can exhale a cloud of poison. [mutagenic meat]
  6638 | D:5      | Gained mutation: You are very robust. (+20% HP) [mutagenic meat]
  6954 | D:6      | Reached skill level 6 in Polearms
  7024 | D:6      | Reached skill level 5 in Fighting
  7024 | D:6      | Reached skill level 5 in Invocations
  7103 | D:6      | Noticed a hippogriff
  7112 | D:6      | Killed a hippogriff
  7171 | D:6      | Found a shimmering altar of Xom.
  7176 | D:6      | Received a gift from Nemelex Xobeh
  7704 | D:7      | Reached XP level 9. HP: 88/97 MP: 13/13
  7749 | D:7      | Reached skill level 7 in Polearms
  7909 | D:7      | Found a staircase to the Ecumenical Temple.
  7920 | Temple   | Entered the Ecumenical Temple
  7992 | D:7      | Found a burning altar of Makhleb.
  8009 | D:7      | Reached *** piety under Nemelex Xobeh
  8266 | D:7      | Reached skill level 1 in Spellcasting
  8946 | D:8      | Noticed Grum
  9287 | D:7      | Reached skill level 8 in Polearms
  9327 | D:8      | Killed Grum
  9491 | D:8      | Reached XP level 10. HP: 108/108 MP: 15/15
  9560 | D:8      | Noticed a two-headed ogre
  9568 | D:8      | Killed a two-headed ogre
  9579 | D:8      | Learned a level 3 spell: Regeneration
  9585 | D:8      | Received a gift from Nemelex Xobeh
  9823 | D:8      | Reached skill level 1 in Charms
 10188 | D:9      | Reached skill level 9 in Polearms
 10199 | D:9      | Noticed a two-headed ogre
 10213 | D:9      | Killed a two-headed ogre
 10213 | D:9      | Reached skill level 5 in Dodging
 10535 | D:9      | Found a staircase to the Lair.
 10728 | D:9      | Received a gift from Nemelex Xobeh
 11112 | D:10     | Entered Level 10 of the Dungeon
 11256 | D:10     | Noticed Psyche
 11266 | D:10     | Killed Psyche
 11307 | D:10     | Reached **** piety under Nemelex Xobeh
 11319 | D:10     | Found a stormy altar of Qazlal.
 11538 | D:10     | Received a gift from Nemelex Xobeh
 11555 | D:10     | Reached XP level 11. HP: 101/115 MP: 17/17
 11729 | D:10     | Noticed an orc knight
 11749 | D:10     | Killed an orc knight
 11749 | D:10     | Reached skill level 10 in Polearms
 11749 | D:10     | Reached skill level 5 in Armour
 11978 | D:10     | Found a staircase to the Orcish Mines.
 12816 | D:10     | Reached skill level 1 in Necromancy
 13034 | D:11     | Noticed a two-headed ogre
 13052 | D:11     | Killed a two-headed ogre
 13472 | D:11     | Received a gift from Nemelex Xobeh
 13752 | D:11     | Reached ***** piety under Nemelex Xobeh
 13799 | D:11     | Received a gift from Nemelex Xobeh
 14287 | D:11     | Noticed a cyclops
 14307 | D:11     | Killed a cyclops
 14418 | D:12     | Noticed an unseen horror
 14457 | D:12     | Killed an unseen horror
 14656 | D:12     | Noticed a two-headed ogre
 14666 | D:12     | Killed a two-headed ogre
 14774 | D:12     | Received a gift from Nemelex Xobeh
 15307 | D:12     | Noticed a skeletal warrior
 15307 | D:12     | Noticed a skeletal warrior
 15307 | D:12     | Noticed a skeletal warrior
 15307 | D:12     | Noticed a skeletal warrior
 15325 | D:12     | Killed a skeletal warrior
 15325 | D:12     | Reached skill level 5 in Necromancy
 15325 | D:12     | Reached XP level 12. HP: 81/127 MP: 18/18
 15644 | D:12     | Gained mutation: You are surrounded by a mild repulsion field. (EV +2) [mutagenic meat]
 15645 | D:12     | Gained mutation: Your skin changes colour to match your surroundings (Stealth+). [mutagenic meat]
 16338 | Lair:1   | Entered Level 1 of the Lair of Beasts
 16363 | Lair:1   | Received a gift from Nemelex Xobeh
 17280 | Lair:1   | Noticed Gastronok
 17296 | Lair:1   | Killed Gastronok
 17296 | Lair:1   | Reached skill level 11 in Polearms
 17342 | Lair:1   | Reached skill level 5 in Shields
 17399 | Lair:1   | You fall through a shaft!
 17886 | Lair:2   | Got a brightly glowing turquoise ring
 17888 | Lair:2   | Identified the ring of Gagimow {+Fly rF+ Str+4 Int-4} (You found it on level 2 of the Lair of Beasts)
 17950 | Lair:2   | Found a staircase to the Snake Pit.
 17956 | Lair:2   | Reached skill level 5 in Charms
 18183 | Lair:2   | Received a gift from Nemelex Xobeh
 19071 | Lair:3   | Noticed a six-headed hydra
 19080 | Lair:3   | Killed a six-headed hydra
 19086 | Lair:3   | Learned a level 4 spell: Animate Dead
 19091 | Lair:3   | Learned a level 4 spell: Control Undead
 19102 | Lair:3   | Received a gift from Nemelex Xobeh
 19145 | Lair:3   | Found a staircase to the Shoals.
 19414 | Lair:3   | Received a gift from Nemelex Xobeh
 19719 | Lair:4   | Noticed an eight-headed hydra
 19731 | Lair:4   | Killed an eight-headed hydra
 20315 | Lair:4   | Reached skill level 5 in Spellcasting
 20315 | Lair:4   | Gained mutation: You can use your snake-like lower body to constrict enemies. [Naga growth]
 20315 | Lair:4   | Reached XP level 13. HP: 85/140 MP: 20/20
 20445 | Lair:4   | Received a gift from Nemelex Xobeh
 20616 | Lair:4   | Slain by a swamp worm

Vault maps used:
D:1:      lightli_arrival_chessboard
D:2:      nemelex_xobeh_ov_fountains_minmay, marbit_many_paths, uniq_robin
D:3:      uniq_jessica, uniq_ijyb
D:4:      cheibriados_altar_1, first_bread
D:5:      nicolae_ossuary_entry_ruins, minmay_misc_feat_tiny, minivault_11,
          kennysheep_flooded_box, uniq_duvessa, uniq_crazy_yiuf_cottage
D:6:      basic_altar
D:7:      overflow_temple_1_default, minmay_temple_entry_junction, minivault_27,
          the_bakery
D:8:      uniq_grum
D:10:     erik_orc_2, nicolae_qazlal_style_of_elements, uniq_psyche
D:12:     spider_trap
Temple:   dpeg_five_rooms_temple
Lair:1:   serial_bayou_pond_e, lemuel_fruit_fields, serial_bayou_shore_b,
          uniq_gastronok
Lair:2:   guppyfry_snake_entry_garden
Lair:3:   minmay_shoals_entry_centaurs
Lair:4:   portal_ice_cave_entry_ice_beasts, worms_lemuel, serial_bayou_shore_a
Ossuary:  ossuary_tomb_3

Skill      XL: |  1  2  3  4  5  6  7  8  9 10 11 12 |
---------------+-------------------------------------+-----
Polearms       | 3 4 5 6 8 9 10 11 | 11.4
Dodging        | 1 2 3 4 5 6 7 |  7.3
Armour         | 3 4 5 |  5.0
Shields        | 3 4 5 |  5.7
Invocations    | 2 4 5 6 |  6.4
Fighting       | 4 5 6 8 |  8.1
Spellcasting   | 3 4 5 |  5.4
Charms         | 4 5 |  5.0
Necromancy     | 5 7 |  7.0

Action                   |  1- 3 |  4- 6 |  7- 9 | 10-12 | 13-15 || total
-------------------------+-------+-------+-------+-------+-------++-------
Melee: Trident           |   110 |   374 |   256 |       |       ||   740
       Spear             |       |       |   337 |  1389 |   105 ||  1831
       Constrict         |       |       |       |       |    16 ||    16
 Cast: Regeneration      |       |       |       |     4 |     2 ||     6
Invok: Deal Four         |       |       |       |     1 |       ||     1
 Abil: Breathe Poison Ga |       |       |    13 |    29 |     2 ||    44
Evoke: Deck              |       |     1 |     9 |    20 |     1 ||    31
       Wand              |       |     1 |     7 |     5 |       ||    13
  Use: Potion            |     1 |     3 |     3 |     4 |       ||    11
       Scroll            |       |       |     7 |    21 |       ||    28
 Stab: Sleeping          |       |       |     1 |     6 |     2 ||     9
       Paralysed         |       |       |    17 |       |       ||    17
       Confused          |       |       |     3 |       |       ||     3
       Distracted        |       |       |       |     4 |     1 ||     5
  Eat: Chunk             |       |     8 |    13 |    13 |       ||    34
       Bread ration      |       |       |     1 |     2 |       ||     3
       Royal jelly       |       |       |     1 |     1 |       ||     2
       Meat ration       |       |       |     2 |     4 |       ||     6
Armor: Scale mail        |    51 |   212 |       |       |       ||   263
       Robe              |       |    36 |   180 |   320 |     9 ||   545
       Skin              |       |    15 |    47 |       |       ||    62
Dodge: Dodged            |    20 |   101 |   186 |   333 |    27 ||   667
Block: Shield            |    49 |   235 |   248 |   413 |    20 ||   965

Table legend:
 A = Spawn XP
 B = Non-spawn XP
 C = Spawn XP percentage of total XP
 D = Spawn monster count
 E = Non-spawn monster count
 F = Spawn count percentage of total count
 G = Total turns spent on level
                    A         B        C        D         E        F      G
               +---------+---------+-------+---------+---------+-------+---------
         Total |       0 |   34094 |   0.0 |       0 |     415 |   0.0 | 20616
               +---------+---------+-------+---------+---------+-------+---------
           D:1 |       0 |      70 |   0.0 |       0 |      35 |   0.0 |  1263
           D:2 |       0 |     273 |   0.0 |       0 |      36 |   0.0 |  1134
           D:3 |       0 |     148 |   0.0 |       0 |      22 |   0.0 |   738
           D:4 |       0 |     138 |   0.0 |       0 |      14 |   0.0 |  1439
           D:5 |       0 |     756 |   0.0 |       0 |      16 |   0.0 |  1832
           D:6 |       0 |     776 |   0.0 |       0 |      16 |   0.0 |   866
           D:7 |       0 |    1526 |   0.0 |       0 |      36 |   0.0 |  1353
           D:8 |       0 |    2454 |   0.0 |       0 |      32 |   0.0 |   956
           D:9 |       0 |    2031 |   0.0 |       0 |      25 |   0.0 |  1143
          D:10 |       0 |    2439 |   0.0 |       0 |      40 |   0.0 |  1907
          D:11 |       0 |    3440 |   0.0 |       0 |      28 |   0.0 |  1445
          D:12 |       0 |    7316 |   0.0 |       0 |      35 |   0.0 |  1848
        Lair:1 |       0 |    4126 |   0.0 |       0 |      13 |   0.0 |  1399
        Lair:2 |       0 |    2363 |   0.0 |       0 |      14 |   0.0 |  1333
        Lair:3 |       0 |    2033 |   0.0 |       0 |       9 |   0.0 |   844
        Lair:4 |       0 |    4093 |   0.0 |       0 |      28 |   0.0 |   702
       Ossuary |       0 |     112 |   0.0 |       0 |      16 |   0.0 |   412
               +---------+---------+-------+---------+---------+-------+---------
